 Dungeon Crawl Stone Soup version 0.29.0-7-g18a832c13a (webtiles) character file.

Game seed: 12038303273014172249

135 ImASeal the Trooper (level 4, 0/39 HPs)
             Began as a Demonspawn Gladiator on Aug 31, 2022.
             Splashed by a jelly's acid (8 damage)
             ... on level 4 of the Dungeon.
             The game lasted 00:07:11 (3832 turns).

ImASeal the Trooper (Demonspawn Gladiator)          Turns: 3832, Time: 00:07:12

Health: 0/39       AC: -4    Str: 17    XL:     4   Next: 97%
Magic:  4/4        EV: 12    Int:  9    God:
Gold:   126        SH:  0    Dex: 14    Spells: 3/3 levels left

rFire   . . .      SeeInvis .   z - +2 dagger (venom)
rCold   . . .      Faith    .   (no shield)
rNeg    . . .      Spirit   .   a - +0 leather armour
rPois   .          Reflect  .   b - +0 helmet
rElec   .          Harm     .   (no cloak)
rCorr   .          Rampage  .   (no gloves)
Will    .....                   (no boots)
Stlth   +.........              (no amulet)
HPRegen 0.13/turn               (no ring)
MPRegen 0.09/turn               (no ring)

@: corroded
A: demonic guardian 1, weakness stinger 1
a: no special abilities


You were on level 4 of the Dungeon.
You visited 1 branch of the dungeon, and saw 4 of its levels.

You collected 126 gold pieces.

Inventory:

Hand Weapons
 n - a +0 antimagic whip
 z - a +2 dagger of venom (weapon)
Missiles
 c - 3 throwing nets (quivered)
 d - a javelin
 y - 3 boomerangs
 A - 6 silver javelins
Armour
 a - a +0 leather armour (worn)
 b - a +0 helmet (worn)
Magical Staves
 D - a staff of death
Wands
 x - a wand of roots (7)
Scrolls
 e - 5 scrolls of fear
 f - 5 scrolls of teleportation
 g - a scroll of noise {unknown}
 j - 2 scrolls of summoning {unknown}
 l - 2 scrolls of magic mapping {unknown}
 o - a scroll of butterflies {unknown}
 r - 2 scrolls of identify {unknown}
 t - a scroll of vulnerability {unknown}
 v - a scroll of immolation {unknown}
 B - a scroll of poison {unknown}
 E - a scroll of brand weapon {unknown}
Potions
 h - a potion of resistance {unknown}
 i - 4 potions of lignification {unknown}
 k - 2 potions of brilliance {unknown}
 m - a potion of haste {unknown}
 p - a potion of flight {unknown}
 q - 3 potions of cancellation {unknown}
 s - 2 potions of heal wounds {unknown}
 u - 2 potions of curing {unknown}
 w - a potion of magic {unknown}
 C - a potion of attraction {unknown}


   Skills:
 * Level 5.2 Fighting
 - Level 1.7 Throwing
 - Level 2.6 Dodging
 - Level 2.6 Unarmed Combat


You had 3 spell levels left.
You didn't know any spells.
Your spell library contained the following spells:

 Spells                   Type           Power      Damage    Failure   Level
 Ignite Poison            Fire/Tmut/Pois 0%         N/A       83%         3
 Mephitic Cloud           Conj/Pois/Air  0%         N/A       83%         3
 Freezing Cloud           Conj/Ice/Air   0%         6-21      100%        5
 Summon Forest            Summ/Tloc      0%         N/A       100%        5
 Summon Mana Viper        Hex/Summ       0%         N/A       100%        5
 Summon Cactus Giant      Summ           0%         N/A       100%        6


Dungeon Overview and Level Annotations

Branches:
Dungeon (4/15)
 Temple: D:4-7

Altars:


Innate Abilities, Weirdness & Mutations

A weak demonic guardian rushes to your aid.
You have a small tail.


Message History

A hobgoblin comes into view.
The hobgoblin shouts!
The hobgoblin hits you but does no damage.
You see here a ruby potion.
You completely miss the hobgoblin. You tail-slap the hobgoblin.
You kill the hobgoblin!
No target in view!
C - a ruby potion
Found a stone staircase leading up.
You see here a staff of death.
(D) Dungeon
Where to? (Enter - D:4, ? - help)
Okay, then.
D - a staff of death
E - a scroll labelled LOCOSTR SAOCRIE
Found a stone staircase leading up.
A jelly comes into view.
Found a scroll labelled FINUIB LIPIYHE.
The jelly quivers.
The jelly closely misses you.
You barely miss the jelly. You tail-slap the jelly.
The jelly is moderately wounded.
The jelly closely misses you.
You hit the jelly. The acid corrodes you!
Your hands burn!
The jelly is moderately wounded.
The jelly closely misses you.
You hit the jelly but do no damage.
Your hands burn!
The jelly is moderately wounded.
The jelly hits you.
You are splashed with acid!
You hit the jelly but do no damage.
Your hands burn!
The jelly is moderately wounded.
The jelly barely misses you.
You barely miss the jelly.
The jelly is moderately wounded.
The jelly hits you.
You are splashed with acid!
* * * LOW HITPOINT WARNING * * *
The jelly attacks as you move away! The jelly hits you.
* * * LOW HITPOINT WARNING * * *
The acid corrodes you!
You are splashed with acid!
You die...

...............#..
....##..........!...###
....###...............#
..... ####............###
.....######.............#
......#..##............##
..........#..............
........#.....<..........
.......##.#.....@J.......
#.......#......!.....?.##
#......##........##.#..#
#......#............# .#
.......#.............#
...........##.##.#..##
..........<####....##
............# #..##
......#....... ..#


You could see a jelly.

Vanquished Creatures
  A hound (D:4)
  2 adders (D:2)
  2 orcs (D:3)
  10 ball pythons
  9 bats
  5 endoplasms
  8 giant cockroaches
  9 goblins
  6 hobgoblins
  4 jackals (D:2)
  3 quokkas
  7 kobolds
  4 rats (D:1)
70 creatures vanquished.

Vanquished Creatures (collateral kills)
  A worm (D:3)
1 creature vanquished.

Grand Total: 71 creatures vanquished

Notes
Turn   | Place    | Note
-------+----------+-------------------------------------------
     0 | D:1      | ImASeal the Demonspawn Gladiator began the quest for the
                  | Orb.
     0 | D:1      | Reached XP level 1. HP: 16/16 MP: 1/1
   410 | D:1      | Gained mutation: You have a small tail. [demonic ancestry]
   410 | D:1      | Reached XP level 2. HP: 20/23 MP: 2/2
   548 | D:1      | Reached skill level 3 in Fighting
  1066 | D:1      | Reached XP level 3. HP: 29/29 MP: 3/3
  1663 | D:2      | Reached skill level 4 in Fighting
  1893 | D:2      | Found a faded altar of an unknown god.
  2066 | D:2      | Gained mutation: A weak demonic guardian rushes to your
                  | aid. [demonic ancestry]
  2066 | D:2      | Reached XP level 4. HP: 10/38 MP: 4/4
  3666 | D:4      | Reached skill level 5 in Fighting
  3832 | D:4      | Splashed by a jelly's acid

Illustrated notes

Levels and vault maps discovered:
D:1:      sevenhm_arrival_forest_fort_small_6, layout_loops_ring,
          minmay_worlds_worst_comb
D:2:      layout_basic, hellmonk_ecumenical_altar_dog_temple,
          minmay_split_cup_large
D:3:      layout_loops_ring
D:4:      layout_cave_pools, minmay_temple_entry_offerings

Skill      XL: |  1  2  3  4 |
---------------+-------------+-----
Fighting       | 3 4 5 |  5.2
Throwing       | |  1.7
Dodging        | |  2.6
Unarmed Combat | |  2.6

Action                   |  1- 3 |  4- 6 || total
-------------------------+-------+-------++-------
Melee: Unarmed           |   163 |    40 ||   203
       Punch             |     1 |     1 ||     2
       Tailslap          |    18 |     9 ||    27
       Dagger            |       |    33 ||    33
  Use: Scroll            |       |     2 ||     2
Armor: Leather armour    |    69 |    19 ||    88
Dodge: Dodged            |   144 |    45 ||   189
